 Dungeon Crawl Stone Soup version 0.27-a0-909-g0721f309d1 (webtiles) character file.

Game seed: 16644746943127897652

109 jasper the Skirmisher (level 4, 0/38 HPs)
             Began as a Demonspawn Artificer on Apr 8, 2021.
             Was a Believer of Wu Jian.
             Slain by an adder (4 damage)
             ... on level 2 of the Dungeon.
             The game lasted 00:03:35 (2240 turns).

jasper the Skirmisher (Demonspawn Artificer)        Turns: 2240, Time: 00:03:35

Health: 0/38       AC:  6    Str: 13    XL:     4   Next: 59%
Magic:  4/4        EV: 11    Int: 12    God:    Wu Jian [**....]
Gold:   128        SH:  0    Dex: 14    Spells: 3/3 levels left

rFire    . . .     SeeInvis .   a - +0 club
rCold    . . .     Faith    .   (no shield)
rNeg     . . .     Spirit   .   b - +0 leather armour
rPois    .         Reflect  .   (helmet restricted)
rElec    .         Harm     .   (no cloak)
rCorr    .         Rampage  .   (no gloves)
Will     .....                  (no boots)
Stlth    +.........             (no amulet)
HPRegen  0.12/turn              (no ring)
MPRegen  0.09/turn              (no ring)

@: unable to read
A: antennae 1, molten scales 2, talons 1, sense surroundings 1, inability to
read while threatened
a: Renounce Religion, Wall Jump


You were on level 2 of the Dungeon.
You worshipped Wu Jian.
Wu Jian was pleased with you.
You visited 1 branch of the dungeon, and saw 3 of its levels.

You collected 128 gold pieces.

Inventory:

Hand Weapons
 a - a +0 club (weapon)
 o - a +0 spear
Missiles
 f - 8 javelins
 h - a throwing net
 n - 2 poisoned darts (quivered)
Armour
 b - a +0 leather armour (worn)
Jewellery
 c - an amulet of magic regeneration
Wands
 d - a wand of charming (13)
 e - a wand of random effects (15)
Scrolls
 g - 2 scrolls of identify {unknown}
 m - a scroll of brand weapon {unknown}
Potions
 i - a potion of magic {unknown}
 j - a potion of mutation
 l - a potion of attraction {unknown}
 p - a potion of ambrosia {unknown}


   Skills:
 * Level 4.5 Fighting
 - Level 1.7 Armour
 - Level 0.8 Dodging
 - Level 0.8 Stealth
 - Level 3.0 Evocations


You had 3 spell levels left.
You didn't know any spells.
Your spell library was empty.

Dungeon Overview and Level Annotations

Branches:
Dungeon (3/15)

Altars:
Wu Jian


Innate Abilities, Weirdness & Mutations

You have a pair of small antennae on your head.
You are mostly covered in molten scales. (AC +3)
You have sharp toenails.
You passively map a small area around you.
You sometimes lose the ability to read scrolls when taking damage.


Message History

The adder barely misses you.
You take 1 damage, and have 9/38 hp.
Throw: 6 darts (poison)
Press: ? - help, Q - select action, (/) - cycle Shift-Dir - straight line, f - adder
Aim: an adder (heavily wounded, 42% to hit)
You throw a poisoned dart.
The poisoned dart closely misses the adder.
You feel sick. The adder barely misses you.
You take 1 damage, and have 8/38 hp.
Throw: 5 darts (poison)
Press: ? - help, Q - select action, (/) - cycle Shift-Dir - straight line, f/p - adder
Aim: an adder (heavily wounded, 42% to hit)
You throw a poisoned dart. The poisoned dart misses the adder.
You feel sick. The adder bites you but does no damage.
You take 1 damage, and have 7/38 hp.
Throw: 4 darts (poison)
Press: ? - help, Q - select action, (/) - cycle Shift-Dir - straight line, f/p - adder
Aim: an adder (heavily wounded, 42% to hit)
You throw a poisoned dart.
The poisoned dart barely misses the adder.
You feel sick.
You are no longer poisoned.
The adder bites you but does no damage. The adder bites you.
* * * LOW HITPOINT WARNING * * *
You take 3 damage, and have 4/38 hp.
Throw: 3 darts (poison)
Press: ? - help, Q - select action, (/) - cycle Shift-Dir - straight line, f/p - adder
Aim: an adder (heavily wounded, 42% to hit)
You throw a poisoned dart.
The poisoned dart closely misses the adder.
The adder bites you but does no damage.
It was a potion of mutation.
You feel extremely strange.
You feel a strange attunement to the structure of the dungeons.
You lose the ability to read scrolls when threatened.
Your toenails lengthen and sharpen.
The adder closely misses you.
It was a potion of cancellation.
You feel magically purged. The adder bites you.
You feel threatened and lose the ability to read scrolls!
You die...

#.#..................##.##.# #
#.#.#.....###(#.....<...##.# #
#)#.#.....###.#.##########.###
#.#.#.....#...#.#.............
#.#.......#.#.#.#.#.........##
#.##......#.#.#.#.#.........##
#.........#.#<#.#.#.........##
##########.#.#S#.#.#.##......##
#.............@......######..##
#.########+#.....#...# #....##
#.# #..........#.# #....## #.#
#..........#.# #...... #.#
#..........#.######.###
###.##################.##........
.............# #.##.###.###
####.........#########..#.#.....#
.............'..........#.#.#.#.#


You could see an adder.

Vanquished Creatures
  3 gnolls (D:2)
  5 adders (D:2)
  6 endoplasms
  3 giant cockroaches (D:2)
  3 hobgoblins
  A quokka (D:1)
  2 ball pythons
  2 bats
  2 frilled lizards
  2 kobolds
  3 rats
32 creatures vanquished.

Vanquished Creatures (collateral kills)
  A gnoll (D:2)
  An endoplasm (D:2)
  A bat (D:2)
3 creatures vanquished.

Grand Total: 35 creatures vanquished

Notes
Turn   | Place    | Note
-------+----------+-------------------------------------------
     0 | D:1      | jasper the Demonspawn Artificer began the quest for the
                  | Orb.
     0 | D:1      | Reached XP level 1. HP: 15/15 MP: 1/1
    93 | D:1      | Found a faded altar of an unknown god.
   101 | D:1      | Became a worshipper of the Wu Jian Council
   101 | D:1      | Reached * piety under Wu Jian
   113 | D:1      | Reached skill level 2 in Fighting
   135 | D:1      | Gained mutation: You are partially covered in molten
                  | scales. (AC +2) [demonic ancestry]
   135 | D:1      | Reached XP level 2. HP: 22/22 MP: 2/2
   883 | D:2      | Reached skill level 3 in Fighting
   883 | D:2      | Gained mutation: You have a pair of small antennae on your
                  | head. [demonic ancestry]
   883 | D:2      | Reached XP level 3. HP: 28/29 MP: 3/3
  1199 | D:2      | Gained mutation: You are mostly covered in molten scales.
                  | (AC +3) [demonic ancestry]
  1199 | D:2      | Reached XP level 4. HP: 24/37 MP: 4/4
  1341 | D:2      | Reached skill level 4 in Fighting
  1913 | D:2      | Reached ** piety under Wu Jian
  2239 | D:2      | Gained mutation: You passively map a small area around you.
                  | [potion of mutation]
  2239 | D:2      | Gained mutation: You sometimes lose the ability to read
                  | scrolls when taking damage. [potion of mutation]
  2239 | D:2      | Gained mutation: You have sharp toenails. [potion of
                  | mutation]
  2240 | D:2      | Slain by an adder

Illustrated notes

Levels and vault maps discovered:
D:1:      eino_arrival_tree_alley, layout_basic, basic_ecumenical_altar
D:2:      layout_basic
D:3:      layout_loops_corners, lemuel_doored_altar, kennysheep_generic_room_13

Skill      XL: |  1  2  3  4 |
---------------+-------------+-----
Fighting       | 2 3 4 |  4.5
Armour         | |  1.7
Dodging        | |  0.8
Stealth        | |  0.8
Evocations     | |  3.0

Action                   |  1- 3 |  4- 6 || total
-------------------------+-------+-------++-------
Melee: Club              |    46 |    62 ||   108
Throw: Dart              |    19 |    16 ||    35
Invok: Lunge             |     4 |     2 ||     6
Evoke: Wand              |    15 |     2 ||    17
  Use: Potion            |       |     2 ||     2
 Stab: Sleeping          |     1 |       ||     1
Armor: Leather armour    |    18 |    24 ||    42
Dodge: Dodged            |    33 |    58 ||    91

Table legend: (Time is in decaauts)
 A = Elapsed time spent in this place.
 B = Non-inter-level travel time spent in this place.
 C = Inter-level travel time spent in this place.
 D = Time resting spent in this place.
 E = Time spent auto-exploring this place.
 F = Levels seen in this place.
 G = Mean time per level.
                   A        B        C        D        E       F      G
               +--------+--------+--------+--------+--------+-----+--------+
         Total |   2273 |   2233 |     40 |    121 |   1764 |   3 |  757.7 |
       Dungeon |   2273 |   2233 |     40 |    121 |   1764 |   3 |  757.7 |
               +--------+--------+--------+--------+--------+-----+--------+

Top non-repeatable levels by time:
     D:2: 1836 daAuts
     D:1: 431 daAuts
     D:3: 5 daAuts
